 Dungeon Crawl Stone Soup version 0.31-a0-1206-g41278d8d1d (webtiles) character file.

Game seed: 12977623664350552389

574 Dirtsage the Changeling (level 7, -1/46 HPs)
             Began as an Octopode Shapeshifter on Dec 13, 2023.
             Slain by an ogre
             ... wielding a +0 giant spiked club
              (33 damage)
             ... on level 5 of the Dungeon.
             The game lasted 00:04:34 (3355 turns).

Dirtsage the Changeling (Octopode Shapeshifter)     Turns: 3355, Time: 00:04:34

Health: -1/46      AC:  1    Str: 14    XL:     7   Next: 35%
Magic:  7/7        EV: 14    Int: 12    God:
Gold:   33         SH:  0    Dex: 13    Spells: 6/6 levels left

rFire   . .          .
                       - Unarmed
rCold   . . .        (no shield)
rNeg    . . .        (helmet currently unavailable)
rPois   .            (no amulet)
rElec   .            (no ring)
rCorr   .            (no ring)
SInv    .            (no ring)
Will    .....        (no ring)
Stlth   ++           (no ring)
HPRegen 0.27/turn    (no ring)
MPRegen 0.10/turn    (no ring)
                     (no ring)

%: no passive effects
@: beast-form
A: beast (slay +3), almost no armour, amphibious, 8 rings, camouflage 1,
gelatinous body 1, (nimble swimmer 1), tentacles
a: Begin Untransformation


You were on level 5 of the Dungeon.
You were a hulking beast.
You visited 1 branch of the dungeon, and saw 5 of its levels.

You collected 225 gold pieces.
You spent 192 gold pieces at shops.

Inventory:

Magical Staves
 p - a staff of conjuration
Jewellery
 q - a ring of ice
Talismans
 b - a beast talisman
 c - a flux talisman
Scrolls
 d - a scroll of brand weapon
 e - a scroll of enchant armour
 g - a scroll of fear
 h - a scroll of immolation
 i - 4 scrolls of identify
 l - a scroll of acquirement {unknown}
 m - a scroll of fog {unknown}
 t - a scroll of teleportation
Potions
 a - 2 potions of invisibility
 f - a potion of enlightenment
 j - a potion of brilliance
 k - a potion of attraction
 n - a potion of might {unknown}
 o - a potion of heal wounds {unknown}


   Skills:
 + Level 3.4 Fighting
 + Level 3.8 Dodging
 + Level 4.4 Unarmed Combat
 * Level 5.3 Shapeshifting


You had 6 spell levels left.
You didn't know any spells.
Your spell library contained the following spells:

 Spells                   Type           Power      Damage    Failure   Level
 Sublimation of Blood     Necr           0%         N/A       45%         2
 Wereblood                Tmut           0%         N/A       45%         2
 Frozen Ramparts          Ice            0%         1d1       69%         3
 Petrify                  Tmut/Erth      0%         N/A       97%         4
 Metabolic Englaciation   Hex/Ice        0%         N/A       100%        5
 Summon Hydra             Summ           0%         N/A       100%        7


Dungeon Overview and Level Annotations

Branches:
Dungeon (5/15)
 Temple: D:4-7

Altars:
Cheibriados
Trog
Yredelemnul

Shops:
D:3 ?

Annotations:
D:2 1 runed translucent door, Crazy Yiuf


Innate Abilities, Weirdness & Mutations

You are a hulking beast.
Your limbs bulge with bestial killing power. (Slay +3)
You cannot wear most types of armour.
You are amphibious.
You can wear up to eight rings at the same time.
Your skin changes colour to match your surroundings (Stealth+).
Your rubbery body absorbs attacks. (AC +1, EV +1)
((You are camouflaged when in or above water. (Stealth+)))
You have tentacles for arms and can constrict up to eight enemies at once.


Message History

No target in view!
Done exploring.
There is an escape hatch in the floor here.
You see here an adder skeleton.
There is a stone staircase leading down here.
You climb downwards.
There is a stone staircase leading up here.
Found a stone staircase leading down.
A centaur comes into view.
The helpless centaur fails to defend itself.
You bludgeon the centaur!
The centaur is heavily wounded.
The centaur hits you. The centaur kicks you.
You take 5 damage, and have 41/46 hp.
You bludgeon the centaur! You squeeze the centaur.
You kill the centaur!
No target in view!
HP restored.
Things that are here:
a +0 orcbow; a centaur corpse
There is a stone staircase leading down here.
Found a stone staircase leading down.
Health restored: 46 No target in view!
You see here a +0 dagger of venom.
q - a ring of ice
i - 4 scrolls of identify (gained 1)
An ogre comes into view. It is wielding a +0 giant spiked club.
Okay, then.
The helpless ogre fails to defend itself.
You bludgeon the ogre!
The ogre is moderately wounded.
The ogre hits you with a +0 giant spiked club!
You take 15 damage, and have 31/46 hp.
MASSIVE DAMAGE!!
You barely miss the ogre. You tentacle-slap the ogre.
Your squeeze misses the ogre.
The ogre is heavily wounded.
The ogre hits you with a +0 giant spiked club!!
Ouch! That really hurt!
You die...

####......######
#...#........
#...#.#######
#####.# #.# #.#
#.# #.####.##
#..hO...#
######..# #


You could see an ogre.

Vanquished Creatures
  A water moccasin (D:3)
  An ogre (D:4)
  A centaur (D:5)
  A scorpion (D:4)
  A jelly (D:4)
  2 hounds
  A hound zombie (D:3)
  5 adders
  2 adder zombies (D:3)
  A worm (D:4)
  3 dart slugs
  5 orcs
  4 endoplasms
  3 giant cockroaches
  7 goblins
  8 hobgoblins
  6 jackals
  6 quokkas
  8 ball pythons
  4 bats (D:2)
  7 frilled lizards
  7 kobolds
  6 rats
90 creatures vanquished.

Notes
Turn   | Place    | Note
-------+----------+-------------------------------------------
     0 | D:1      | Dirtsage the Octopode Shapeshifter began the quest for the
                  | Orb.
     0 | D:1      | Reached XP level 1. HP: 13/13 MP: 1/1
    70 | D:1      | Reached XP level 2. HP: 10/18 MP: 2/2
   619 | D:2      | Reached XP level 3. HP: 22/23 MP: 3/3
   725 | D:2      | Found a runed translucent door.
   726 | D:2      | Noticed Crazy Yiuf
   812 | D:2      | Found a faded altar of an unknown god.
   942 | D:2      | Found a snail-covered altar of Cheibriados.
  1022 | D:2      | Reached XP level 4. HP: 20/29 MP: 4/4
  1495 | D:3      | Noticed a water moccasin
  1520 | D:3      | Killed a water moccasin
  1521 | D:3      | Reached skill level 4 in Shapeshifting
  1521 | D:3      | Reached XP level 5. HP: 32/35 MP: 5/5
  1672 | D:3      | Found Jocib's Magic Scroll Shop.
  1676 | D:3      | Bought a scroll of identify for 24 gold pieces
  1676 | D:3      | Bought a scroll of identify for 24 gold pieces
  1676 | D:3      | Bought a scroll of identify for 24 gold pieces
  1905 | D:3      | Found a bloodstained altar of Trog.
  2009 | D:3      | Found a basalt altar of Yredelemnul.
  2013 | D:3      | Reached XP level 6. HP: 28/41 MP: 6/6
  2475 | D:3      | Bought a scroll of fear for 48 gold pieces
  2475 | D:3      | Bought 3 scrolls of identify for 72 gold pieces
  2824 | D:4      | Reached skill level 5 in Shapeshifting
  2942 | D:4      | Reached XP level 7. HP: 46/46 MP: 7/7
  3228 | D:5      | Entered Level 5 of the Dungeon
  3355 | D:5      | Slain by an ogre

Illustrated notes

Levels and vault maps discovered:
D:1:      onia_arrival_mini_spirals, layout_rooms
D:2:      layout_loops_cross, nicolae_ecumenical_oubliette, basic_altar,
          kennysheep_generic_room_8, uniq_crazy_yiuf_cottage
D:3:      layout_basic, lemuel_round_altar, nicolae_yredelemnul_corpse_copse,
          serial_shops, nicolae_shop_pleasant_corner_grove
D:4:      layout_cave_pools, serial_column_ruins, column_ruins_columns_straight,
          column_ruins_grid_2, column_ruins_open_tiny, column_ruins_open_large,
          column_ruins_corridor_straight, column_ruins_columns_straight
D:5:      layout_loops_ring, uniq_menkaure

Skill      XL: |  1  2  3  4  5  6 |
---------------+-------------------+-----
Fighting       | 2 3 |  3.4
Dodging        | 3 |  3.8
Shapeshifting  | 4 5 |  5.3
Unarmed Combat | 4 |  4.4

Action                     |  1- 3 |  4- 6 |  7- 9 || total
---------------------------+-------+-------+-------++-------
  Melee: Unarmed           |    72 |   116 |    18 ||   206
         Constrict         |    18 |    27 |     5 ||    50
         Tentacles         |    17 |    20 |     6 ||    43
         Punch             |     1 |     4 |     1 ||     6
    Use: Potion            |       |     1 |       ||     1
         Scroll            |       |     8 |       ||     8
   Stab: Sleeping          |     2 |     7 |     2 ||    11
         Distracted        |     1 |       |       ||     1
 Armour: Skin              |    31 |    58 |     6 ||    95
  Dodge: Dodged            |    31 |    56 |     8 ||    95

Table legend: (Time is in decaauts)
 A = Elapsed time spent in this place.
 B = Non-inter-level travel time spent in this place.
 C = Inter-level travel time spent in this place.
 D = Time resting spent in this place.
 E = Time spent auto-exploring this place.
 F = Levels seen in this place.
 G = Mean time per level.
                   A        B        C        D        E       F      G
               +--------+--------+--------+--------+--------+-----+--------+
         Total |   3341 |   3242 |     99 |    114 |   2571 |   5 |  668.2 |
       Dungeon |   3341 |   3242 |     99 |    114 |   2571 |   5 |  668.2 |
               +--------+--------+--------+--------+--------+-----+--------+

Top non-repeatable levels by time:
     D:3: 1015 daAuts
     D:2: 867 daAuts
     D:4: 740 daAuts
     D:1: 591 daAuts
     D:5: 126 daAuts
